 Dungeon Crawl Stone Soup version 0.29.1-2-gbd0b4ee654 (webtiles) character file.

Game seed: 11756486221202741635

422 xian the Firebug (level 6, -2/47 HPs)
             Began as a Draconian Fire Elementalist on Nov 22, 2022.
             Slain by Duvessa
             ... wielding a +0 short sword
              (4 damage)
             ... on level 7 of the Dungeon.
             The game lasted 00:11:37 (4246 turns).

xian the Firebug (Draconian Fire Elementalist)      Turns: 4246, Time: 00:11:37

Health: -2/47      AC:  8    Str: 11    XL:     6   Next: 63%
Magic:  4/11       EV: 12    Int: 17    God:
Gold:   228        SH:  0    Dex: 11    Spells: 1/12 levels left

rFire   . . .      SeeInvis +   b - +2 quarterstaff (chaos)
rCold   . . .      Faith    .   (shield currently unavailable)
rNeg    . . .      Spirit   .   (body armour unavailable)
rPois   .          Reflect  .   (helmet restricted)
rElec   .          Harm     .   f - +0 cloak
rCorr   .          Rampage  .   (no gloves)
Will    .....                   s - +0 pair of boots
Stlth   ++........              (no amulet)
HPRegen 0.15/turn               e - ring of see invisible
MPRegen 0.12/turn               (no ring)

@: lethally poisoned (-2 -> -11), very slightly contaminated
A: AC +6, unfitting armour, cold-blooded
a: no special abilities


You were on level 7 of the Dungeon.
You visited 1 branch of the dungeon, and saw 5 of its levels.

You collected 228 gold pieces.

Inventory:

Hand Weapons
 b - a +2 quarterstaff of chaos (weapon)
 c - a +0 dagger
Armour
 f - a +0 cloak (worn)
 s - a +0 pair of boots (worn)
Jewellery
 e - a ring of see invisible (left hand)
 h - a ring of poison resistance
Wands
 l - a wand of flame (14)
Scrolls
 d - a scroll of teleportation
 j - a scroll of enchant armour
 k - 2 scrolls of fear
 n - a scroll of fog
 p - a scroll of immolation
Potions
 a - a potion of magic
 g - a potion of ambrosia
 i - a potion of cancellation
 m - a potion of might
 o - a potion of invisibility
 q - a potion of haste
 r - a potion of curing


   Skills:
 + Level 1.1 Fighting
 + Level 0.9 Short Blades
 + Level 2.0 Staves
 + Level 2.9 Dodging
 + Level 2.6 Stealth
 + Level 3.6 Spellcasting
 + Level 2.1 Conjurations
 + Level 4.4 Fire Magic


You had one spell level left.
You knew the following spells:

 Your Spells              Type           Power      Damage    Failure   Level
a - Foxfire               Conj/Fire      56%        2x1d6     4%          1
b - Scorch                Fire           36%        2d6       4%          2
c - Conjure Flame         Conj/Fire      14%        6-21      13%         3
d - Magic Dart            Conj           40%        1d5       7%          1
e - Flame Wave            Conj/Fire      14%        2d6       38%         4

Your spell library contained the following spells:

 Spells                   Type           Power      Damage    Failure   Level
 Sandblast                Erth           6%         2d5       17%         1
 Inner Flame              Hex/Fire       10%        N/A       21%         3
 Call Imp                 Summ           3%         N/A       26%         2
 Passwall                 Tmut/Erth      2%         N/A       26%         2
 Stone Arrow              Conj/Erth      12%        3d7       30%         3
 Mephitic Cloud           Conj/Pois/Air  5%         N/A       36%         3
 Dispersal                Tloc           1%         N/A       100%        6
 Disjunction              Tloc           1%         N/A       100%        8


Dungeon Overview and Level Annotations

Branches:
Dungeon (4/15)
 Temple: D:4-7

Altars:
Okawaru
Qazlal

Shops:
D:1 =

Annotations:
D:7 Dowan, Duvessa


Innate Abilities, Weirdness & Mutations

Your plain brown scales are hard. (AC +6)
You cannot fit into any form of body armour.
You are cold-blooded and may be slowed by cold attacks.


Message History

As you read the scroll of teleportation, it crumbles to dust.
You feel strangely unstable.
* * * LOW HITPOINT WARNING * * *
You feel extremely sick.
You kill the killer bee!
The killer bee barely misses you. The killer bee stings you.
* * * LOW HITPOINT WARNING * * *
The killer bee stings you but does no damage.
The killer bee barely misses you.
The killer bee stings you but does no damage.
You feel your intelligence returning.
Your Staves skill increases to level 2!
It was a potion of curing.
You feel better. The killer bee closely misses you.
The killer bee stings you but does no damage.
The killer bee closely misses you. The killer bee stings you. x2
* * * LOW HITPOINT WARNING * * *
You are poisoned.
The killer bee poisons you!
The killer bee stings you but does no damage.
Okay, then.
You hit the killer bee.
The killer bee is heavily wounded.
You feel very sick. The killer bee barely misses you.
The killer bee completely misses you.
The killer bee stings you but does no damage.
The killer bee closely misses you. The killer bee stings you.
* * * LOW HITPOINT WARNING * * *
You are lethally poisoned!
The killer bee poisons you! The killer bee closely misses you.
You miss the killer bee.
Your tail-slap misses the killer bee.
The killer bee is heavily wounded.
Your surroundings suddenly seem different.
Duvessa, Dowan and an orc come into view.
* * * LOW HITPOINT WARNING * * *
You feel very sick.
Duvessa shouts!
The orc shouts!
Dowan shouts!
Dowan hits you with a +0 dagger.
* * * LOW HITPOINT WARNING * * *
Duvessa hits you with a +0 short sword.
You die...

## .# .# ##
####.#
.#####
#.e@e#
.#...####
#o####
.#......# ..
.....##.# ##
###...#.####
....#......#
#.....#.##.#
#...#.#.##.#
#...#.#....#


You could see Duvessa, Dowan and an orc.

Vanquished Creatures
  A human (D:7)
  2 killer bees (D:7)
  Crazy Yiuf (D:2)
  2 orc wizards
  3 gnolls (D:3)
  An adder (D:2)
  A white imp (D:7)
  7 orcs
  4 endoplasms
  2 giant cockroaches
  3 goblins
  5 hobgoblins
  4 jackals (D:2)
  4 quokkas
  4 ball pythons
  5 bats
  6 frilled lizards
  5 kobolds
  5 rats
65 creatures vanquished.

Vanquished Creatures (others)
  170 foxfires
170 creatures vanquished.

Grand Total: 235 creatures vanquished

Notes
Turn   | Place    | Note
-------+----------+-------------------------------------------
     0 | D:1      | xian the Draconian Fire Elementalist began the quest for
                  | the Orb.
     0 | D:1      | Reached XP level 1. HP: 14/14 MP: 3/3
   521 | D:1      | Found a faded altar of an unknown god.
   638 | D:1      | Reached XP level 2. HP: 13/20 MP: 1/5
   984 | D:1      | Found Rilept's One-of-a-Kind Rings.
  1550 | D:1      | Learned a level 2 spell: Scorch
  1757 | D:2      | Reached XP level 3. HP: 26/26 MP: 0/6
  2315 | D:2      | Found a runed translucent door.
  2316 | D:2      | Noticed Crazy Yiuf
  2341 | D:2      | Killed Crazy Yiuf
  2342 | D:2      | Reached XP level 4. HP: 33/33 MP: 1/7
  3334 | D:3      | Reached skill level 4 in Fire Magic
  3334 | D:3      | Reached XP level 5. HP: 39/39 MP: 5/9
  3338 | D:3      | Learned a level 3 spell: Conjure Flame
  3498 | D:3      | Found a faded altar of an unknown god.
  3710 | D:4      | Found an iron altar of Okawaru.
  3749 | D:4      | You fall into a shaft and drop 3 floors!
  3752 | D:7      | Noticed a human
  3752 | D:7      | Noticed a human
  3773 | D:7      | Noticed a human
  3782 | D:7      | Found a stormy altar of Qazlal.
  3907 | D:7      | Noticed a human
  3931 | D:7      | Killed a human
  3932 | D:7      | Reached skill level 1 in Fighting
  3932 | D:7      | Reached skill level 1 in Staves
  3932 | D:7      | Reached XP level 6. HP: 23/47 MP: 1/11
  3937 | D:7      | Learned a level 1 spell: Magic Dart
  3942 | D:7      | Learned a level 4 spell: Flame Wave
  4246 | D:7      | Noticed Duvessa
  4246 | D:7      | Noticed Dowan
  4246 | D:7      | HP: 2/47 [Dowan/+0 dagger (3)]
  4246 | D:7      | Slain by Duvessa

Illustrated notes

Levels and vault maps discovered:
D:1:      minmay_arrival_open_corners, layout_basic, basic_ecumenical_altar,
          minmay_tree_intersection, minivault_26, nicolae_shop_unique_rings,
          minmay_door_square, serial_bayou_lagoon_a, fountainhead
D:2:      layout_basic, uniq_crazy_yiuf_cottage
D:3:      layout_basic, nicolae_overflow_ecumenical_swirl, st_stairs_12,
          roderic_lattice_a
D:4:      layout_basic, lemuel_crystal_altar,
          nicolae_ru_great_annihilating_truth, minmay_temple_entry_hall,
          guppyfry_shop_venom
D:7:      layout_basic, nemelex_diamond_rough_becter,
          nicolae_hepliaklqana_hippocampus, mainiacjoe_overflow_paths,
          gammafunk_ghost_necromancy, minmay_ruffians, uniq_duvessa

Skill      XL: |  1  2  3  4  5  6 |
---------------+-------------------+-----
Stealth        | 2 |  2.6
Dodging        | 2 |  2.9
Fire Magic     | 4 |  4.4
Spellcasting   | 3 |  3.6
Fighting       | 1 |  1.1
Staves         | 1 2 |  2.0
Conjurations   | 2 |  2.1
Short Blades   | |  0.9

Action                   |  1- 3 |  4- 6 || total
-------------------------+-------+-------++-------
Melee: Dagger            |    62 |       ||    62
       Tailslap          |    11 |     2 ||    13
       Unarmed           |     3 |       ||     3
       Quarterstaff      |       |    40 ||    40
 Cast: Foxfire           |    58 |    44 ||   102
       Scorch            |     2 |     6 ||     8
  Use: Potion            |     5 |     1 ||     6
       Scroll            |     1 |     9 ||    10
 Stab: Sleeping          |     1 |       ||     1
Armor: Skin              |    40 |    27 ||    67
Dodge: Dodged            |    67 |    64 ||   131
